 Dungeon Crawl Stone Soup version 0.30.0-29-ga12c61a403 (webtiles) character file.

Game seed: 14631154785913121829

57 LustLizard the Digger (level 4, -6/27 HPs)
             Began as an Octopode Earth Elementalist on June 13, 2023.
             Mangled by a gnoll bouda
             ... wielding a +0 club
              (9 damage)
             ... on level 3 of the Dungeon.
             The game lasted 00:02:39 (2001 turns).

LustLizard the Digger (Octopode Earth Elementalist) Turns: 2001, Time: 00:02:40

Health: -6/27      AC:  1    Str:  9    XL:     4   Next: 0%
Magic:  0/7        EV: 13    Int: 17    God:
Gold:   141        SH:  0    Dex: 12    Spells: 6/7 levels left

rFire   . . .        (no weapon)
rCold   . . .        (no shield)
rNeg    . . .        (helmet restricted)
rPois   .            (no amulet)
rElec   .            d - ring of willpower
rCorr   .            (no ring)
SInv    .            (no ring)
Will    +....        (no ring)
Stlth   +++          (no ring)
HPRegen 0.24/turn    (no ring)
MPRegen 0.10/turn    (no ring)
                     (no ring)

%: no passive effects
@: mighty, weakened
A: almost no armour, amphibious, 8 rings, camouflage 1, gelatinous body 1,
(nimble swimmer 1), tentacles
a: no special abilities


You were on level 3 of the Dungeon.
You visited 1 branch of the dungeon, and saw 3 of its levels.

You collected 141 gold pieces.

Inventory:

Jewellery
 d - a ring of willpower (left tentacle)
Wands
 l - a wand of digging (8)
Scrolls
 b - 3 scrolls of identify {unknown}
 c - 2 scrolls of poison
 e - a scroll of acquirement {unknown}
 h - a scroll of immolation {unknown}
 i - 4 scrolls of teleportation
 k - a scroll of enchant weapon {unknown}
 o - a scroll of fog {unknown}
 p - a scroll of amnesia {unknown}
Potions
 a - 2 potions of magic
 f - a potion of brilliance {unknown}
 g - a potion of might
 j - a potion of berserk rage {unknown}
 m - a potion of degeneration {unknown}
 n - 2 potions of curing


   Skills:
 + Level 0.8 Fighting
 + Level 2.2 Dodging
 + Level 3.3 Stealth
 + Level 0.7 Unarmed Combat
 + Level 2.2 Spellcasting
 + Level 1.4 Transmutations
 * Level 3.7 Earth Magic


You had 6 spell levels left.
You knew the following spells:

 Your Spells              Type           Power      Damage    Failure   Level
a - Sandblast             Erth           28%        2d8       4%          1

Your spell library contained the following spells:

 Spells                   Type           Power      Damage    Failure   Level
 Passwall                 Tmut/Erth      8%         N/A       10%         2
 Shock                    Conj/Air       4%         1d3       19%         1
 Stone Arrow              Conj/Erth      16%        3d8       26%         3
 Swiftness                Air            1%         N/A       50%         3
 Petrify                  Tmut/Erth      10%        N/A       54%         4
 Airstrike                Air            0%         2d(1-17)  88%         4


Dungeon Overview and Level Annotations

Branches:
Dungeon (3/15)

Altars:
Hepliaklqana

Shops:
D:1 [:


Innate Abilities, Weirdness & Mutations

You cannot wear most types of armour.
You are amphibious.
You can wear up to eight rings at the same time.
Your skin changes colour to match your surroundings (Stealth+).
Your rubbery body absorbs attacks. (AC +1, EV +1)
((You are camouflaged when in or above water. (Stealth+)))
You have tentacles for arms and can constrict up to eight enemies at once.


Message History

The blast of sand hits the gnoll!
You kill the gnoll!
You have reached level 4!
It was a potion of curing.
You feel better.
The gnoll bouda hits you with a +0 club.
Aiming: Sandblast (safe; 4% risk of failure)
Press: ? - help, Q - select action Shift-Dir - straight line, f - gnoll bouda
Aim: a gnoll bouda, wielding a +0 club and wearing a +0 robe (84% to hit)
The blast of sand misses the gnoll bouda.
The gnoll bouda barely misses you.
The gnoll bouda hits you with a +0 club.
* * * LOW HITPOINT WARNING * * *
Aiming: Sandblast (safe; 4% risk of failure)
Press: ? - help, Q - select action Shift-Dir - straight line, f/p - gnoll bouda
Aim: a gnoll bouda, wielding a +0 club and wearing a +0 robe (84% to hit)
The blast of sand hits the gnoll bouda.
The gnoll bouda is moderately wounded.
The gnoll bouda misses you.
Aiming: Sandblast (safe; 4% risk of failure)
Press: ? - help, Q - select action Shift-Dir - straight line, f/p - gnoll bouda
Aim: a gnoll bouda, wielding a +0 club and wearing a +0 robe (moderately wounded, 84% to hit)
The blast of sand hits the gnoll bouda!
The gnoll bouda is heavily wounded.
The gnoll bouda closely misses you. The gnoll bouda barely misses you.
Aiming: Sandblast (safe; 4% risk of failure)
Press: ? - help, Q - select action Shift-Dir - straight line, f/p - gnoll bouda
Aim: a gnoll bouda, wielding a +0 club and wearing a +0 robe (heavily wounded, 84% to hit)
The blast of sand misses the gnoll bouda.
The gnoll bouda gazes fiercely through you!
You feel as though you will be weak longer.
The gnoll bouda hits you with a +0 club.
* * * LOW HITPOINT WARNING * * *
You hear a shout!
You don't have enough magic to cast this spell.
You don't have enough magic to cast this spell.
It was a potion of might.
You feel very mighty all of a sudden.
You hear a shout!
The gnoll bouda hits you with a +0 club!
You die...

#### ##..?##
###.....##
.........####
........g...#
.........##g#
......g.###@#
....g..## #.#
....#.# #.#
... #. #.# ..
# #.# #.#
##.# .# #..#
.# #.##


You could see a gnoll bouda.

Vanquished Creatures
  A gnoll (D:3)
  An adder (D:2)
  A dart slug (D:1)
  3 ball pythons (D:1)
  An endoplasm (D:1)
  A giant cockroach (D:1)
  2 goblins (D:1)
  6 hobgoblins
  7 kobolds
  A quokka (D:1)
  4 bats
  2 frilled lizards (D:1)
  5 rats
35 creatures vanquished.

Notes
Turn   | Place    | Note
-------+----------+-------------------------------------------
     0 | D:1      | LustLizard the Octopode Earth Elementalist began the quest
                  | for the Orb.
     0 | D:1      | Reached XP level 1. HP: 11/11 MP: 3/3
     6 | D:1      | Noticed a black bear
     6 | D:1      | Noticed a redback
     6 | D:1      | Noticed a swamp worm
     7 | D:1      | Noticed a black mamba
     7 | D:1      | Noticed a komodo dragon
   118 | D:1      | Reached XP level 2. HP: 17/17 MP: 3/5
   178 | D:1      | Found Muryfe's Antique Armour Shop.
   447 | D:1      | Reached XP level 3. HP: 22/22 MP: 1/6
   627 | D:1      | Found Taysoep's Book Shop.
  1817 | D:3      | Found a hazy altar of Hepliaklqana.
  1996 | D:3      | Reached XP level 4. HP: 6/27 MP: 4/7
  2001 | D:3      | Mangled by a gnoll bouda

Illustrated notes

Levels and vault maps discovered:
D:1:      onia_arrival_zoo_common, layout_loops_ring, serial_shops, shop,
          nicolae_shop_crystal, serial_bayou_lagoon_a
D:2:      layout_basic
D:3:      layout_loops_ring, tgw_kikubaaqudgha, amcnicky_altar_gilded,
          gammafunk_temple_overflow_claw, nicolae_grassy_gnolls

Skill      XL: |  1  2 |
---------------+-------+-----
Stealth        | 3 |  3.3
Fighting       | |  0.8
Dodging        | |  2.2
Unarmed Combat | |  0.7
Spellcasting   | |  2.2
Transmutations | |  1.4
Earth Magic    | |  3.7

Action                     |  1- 3 |  4- 6 || total
---------------------------+-------+-------++-------
   Cast: Sandblast         |    47 |     4 ||    51
    Use: Scroll            |     2 |       ||     2
         Potion            |       |     2 ||     2
 Armour: Skin              |     3 |       ||     3
  Dodge: Dodged            |     4 |     4 ||     8
